Capitals vs Avalanche
Created - January 3, 2022 at 19:17
Goals
|
| Capitals |
0 |
1 |
1 |
2 |
| Avalanche |
2 |
0 |
2 |
4 |
|
Shots
|
| Capitals |
11 |
8 |
10 |
29 |
| Avalanche |
15 |
6 |
13 |
34 |
|
1st period
1. Avalanche , Mikkel Boedker 8 (Erik Karlsson 5, Bryan Little 10) at 11:40
2. Avalanche , Evgeny Dadonov 1 (Charlie Coyle 5) at 12:13
Penalties :
Mike Green (Was) for Tripping (Minor) at 16:13, T.J. Oshie (Was) for Hooking (Minor) at 19:43
2nd period
3. Capitals , Patrick Sharp 2 (Sean Monahan 4, Alexei Marchenko 2) at 14:18
Penalties :
Mike Green (Was) for Holding (Minor) at 8:35, Mattias Ekholm (Col) for Roughing (Minor) at 14:42
3rd period
4. Avalanche , Mikkel Boedker 9 (Patric Hornqvist 7, Jack Johnson 6) at 0:12 (PP)
5. Avalanche , Mikkel Boedker 10 (Jack Johnson 7, Bryan Little 11) at 8:10
6. Capitals , Jamie Benn 3 (Derek Roy 4, Jared Spurgeon 1) at 10:11
Penalties :
Mike Green (Was) for Hooking (Minor) at 0:03, Jason Pominville (Was) for Holding Stick (Minor) at 2:08, Vincent Trocheck (Col) for Interference (Minor) at 5:38, Colten Teubert (Col) for Tripping (Minor) at 17:13
Goalie Stats
Keith Kinkaid (Was), 30 saves from 34 shots - (0.882), L, 1-1-0, 60:00 minutes
Semyon Varlamov (Col), 27 saves from 29 shots - (0.931), W, 2-2-1, 60:00 minutes
Players Stats for Capitals
Player Name G A P +/- PIM S H SB GA TA FO MP PP MP PK MP
------------------------------------------------------------------------------------
Alexei Marchenko 0 1 1 2 0 1 3 0 0 0 0/0 18:06 2:02 5:19
Blake Pietila 0 0 0 0 0 1 0 0 0 0 1/1 12:17 0:00 1:23
Brayden Point 0 0 0 0 0 3 0 1 0 0 6/15 16:06 2:59 1:23
Brent Burns 0 0 0 -1 0 1 1 1 1 2 0/0 20:35 2:02 4:12
Cameron Gaunce 0 0 0 -1 0 0 2 1 0 1 0/0 15:38 0:00 1:24
Derek Roy 0 1 1 0 0 1 1 0 1 1 9/24 21:33 2:58 4:19
Dustin Brown 0 0 0 0 0 2 0 0 0 0 0/0 11:17 0:00 2:23
Jamie Benn 1 0 1 0 0 5 1 0 1 0 0/0 17:48 2:59 0:00
Jared Spurgeon 0 1 1 2 0 1 0 1 0 0 0/0 11:47 0:00 1:14
Jason Pominville 0 0 0 0 2 0 3 1 2 0 2/4 17:01 2:58 0:00
Joe Pavelski 0 0 0 0 0 0 1 0 0 0 1/1 13:01 0:00 4:19
Mark Stone 0 0 0 -1 0 1 0 1 0 0 0/0 14:53 2:59 0:00
Mike Green 0 0 0 -2 6 2 2 4 1 2 0/0 27:26 3:55 2:29
Patrick Sharp 1 0 1 -1 0 2 1 0 0 0 0/0 11:28 0:00 0:00
Ryan Getzlaf 0 0 0 0 0 3 0 0 2 0 2/4 13:55 2:58 2:23
Sean Monahan 0 1 1 -1 0 3 1 0 1 0 3/11 11:28 0:00 0:00
T.J. Oshie 0 0 0 0 2 2 1 0 0 0 0/0 11:05 0:00 0:00
Victor Hedman 0 0 0 -2 0 1 1 3 1 0 0/0 26:26 3:55 1:32
Players Stats for Avalanche
Player Name G A P +/- PIM S H SB GA TA FO MP PP MP PK MP
------------------------------------------------------------------------------------
Bryan Little 0 2 2 0 0 4 2 2 0 0 17/30 22:12 4:29 1:56
Charlie Coyle 0 1 1 1 0 0 4 0 1 1 8/14 16:40 3:30 1:43
Colten Teubert 0 0 0 -1 2 1 0 2 0 0 0/0 15:22 0:00 0:15
Erik Karlsson 0 1 1 1 0 1 0 2 0 1 0/0 19:50 3:31 2:31
Evgeny Dadonov 1 0 1 1 0 4 1 1 0 0 0/0 14:58 3:30 0:00
Jack Johnson 0 2 2 1 0 1 1 2 1 2 0/0 25:28 4:34 3:26
James Van Riemsdyk 0 0 0 0 0 2 2 0 1 0 1/1 11:40 0:06 0:37
Jarred Tinordi 0 0 0 -1 0 0 0 0 0 0 0/0 15:25 0:00 0:43
Kyle Turris 0 0 0 0 0 2 0 2 0 0 1/2 8:20 0:00 0:00
Luke Witkowski 0 0 0 0 0 2 2 1 0 0 1/1 11:10 0:06 0:00
Marc Staal 0 0 0 1 0 3 1 1 1 5 0/0 25:03 4:34 3:24
Martin Samuelsson 0 0 0 0 0 1 0 0 0 0 0/0 8:20 0:00 0:00
Mattias Ekholm 0 0 0 1 2 0 3 0 0 0 0/0 18:57 3:31 1:35
Mikkel Boedker 3 0 3 0 0 6 2 1 1 0 3/6 23:02 4:29 3:24
Nick Cousins 0 0 0 0 0 0 1 0 0 0 1/1 8:46 0:06 0:00
Patric Hornqvist 0 1 1 0 0 4 3 0 1 1 0/1 23:01 4:29 3:23
Tomas Fleischmann 0 0 0 1 0 2 1 0 0 0 0/0 15:04 3:30 0:00
Vincent Trocheck 0 0 0 0 2 1 0 0 0 0 4/4 10:42 0:00 0:51
3 Stars
1 - Mikkel Boedker (Col)
2 - Jack Johnson (Col)
3 - Evgeny Dadonov (Col)
Power Play
Capitals - 0 on 3 Attempt(s) - 0.00%
Avalanche - 1 on 5 Attempt(s) - 20.00%
Penalty Kill
Capitals - 4 on 5 Attempt(s) - 80.00%
- Score 0 goal in Penalty Kill
Avalanche - 3 on 3 Attempt(s) - 100.00%
- Score 0 goal in Penalty Kill
Team Stat
Capitals - Hits : 18 - Faceoff Wins : 24 - Blocked Shots : 13 - Penalty Minutes : 10
Avalanche - Hits : 23 - Faceoff Wins : 36 - Blocked Shots : 14 - Penalty Minutes : 6
Official
Referees : Steve Kozari and Eric Furlatt
Linesman : Kory Nagy and Shandor Alphonso
Game Notes
Mikkel Boedker has scored a Hat Trick!
Finance
Level 1 -- Attendance: 6000 (100.00%) -- Ticket Income $600,000
Level 2 -- Attendance: 4730 (94.60%) -- Ticket Income $283,800
Level 3 -- Attendance: 1819 (90.95%) -- Ticket Income $63,665
Level 4 -- Attendance: 4000 (100.00%) -- Ticket Income $100,000
Luxury Box -- Attendance: 1000 (100.00%) -- Ticket Income $200,000
Game was played at the Pepsi Center.
Total Attendance: 17549 (97.49%)
Total Ticket Income: $1,247,465
Other Income: $187,120
Total Income: $1,434,585
Capitals
5 vs 5 Forward
Center Left Wing Right Wing Time % Phy DF OF
1 Derek Roy Jamie Benn Jason Pominville 30 1 1 3
2 Brayden Point Blake Pietila T.J. Oshie 25 1 1 3
3 Sean Monahan Patrick Sharp Mark Stone 25 1 2 2
4 Ryan Getzlaf Dustin Brown Joe Pavelski 20 1 3 1
5 vs 5 Defense
Defense Defense Time % Phy DF OF
1 Victor Hedman Mike Green 40 1 2 2
2 Brent Burns Cameron Gaunce 30 1 2 2
3 Alexei Marchenko Jared Spurgeon 20 1 3 1
4 Victor Hedman Mike Green 10 1 1 3
PowerPlay Forward
Center Left Wing Right Wing Time % Phy DF OF
1 Brayden Point Jamie Benn Mark Stone 60 1 1 3
2 Derek Roy Ryan Getzlaf Jason Pominville 40 1 1 3
PowerPlay Defense
Defense Defense Time % Phy DF OF
1 Mike Green Victor Hedman 60 1 2 2
2 Brent Burns Alexei Marchenko 40 1 2 2
Penalty Kill 4 Players Forward
Center Wing Time % Phy DF OF
1 Derek Roy Joe Pavelski 60 1 3 1
2 Ryan Getzlaf Dustin Brown 40 1 3 1
Penalty Kill 4 Players Defense
Defense Defense Time % Phy DF OF
1 Mike Green Alexei Marchenko 60 1 3 1
2 Victor Hedman Brent Burns 40 1 3 1
Penalty Kill - 3 Players Forward
Forward Time % Phy DF OF
1 Derek Roy 60 1 2 2
2 Ryan Getzlaf 40 1 2 2
Penalty Kill - 3 Players Defense
Defense Defense Time % Phy DF OF
1 Mike Green Brent Burns 60 1 2 2
2 Victor Hedman Alexei Marchenko 40 1 2 2
4 vs 4 Forward
Center Wing Time % Phy DF OF
1 Derek Roy Jason Pominville 60 1 2 2
2 Brayden Point Mark Stone 40 1 2 2
4 vs 4 Defense
Defense Defense Time % Phy DF OF
1 Mike Green Brent Burns 60 1 2 2
2 Victor Hedman Alexei Marchenko 40 1 2 2
Last Minutes Offensive
Center Left Wing Right Wing Defense Defense
Derek Roy Brayden Point Mark Stone Mike Green Victor Hedman
Last Minutes Defensive
Center Left Wing Right Wing Defense Defense
Derek Roy Ryan Getzlaf Joe Pavelski Mike Green Alexei Marchenko
Goaltenders
Starting : Keith Kinkaid
Backup : Marc-André Fleury
Extra Forwards
Normal : Brayden Point, Mark Stone, Jason Pominville - PP : Brayden Point, Mark Stone - PK : Derek Roy
Extra Defensemen
Normal : Mike Green, Victor Hedman, Brent Burns - PP : Mike Green - PK : Mike Green, Alexei Marchenko
Penalty Shots
Brayden Point, Mike Green, Victor Hedman, Mark Stone, Patrick Sharp
Scratches
Michael Raffl (Healthy), Trevor Daley (Herniated Disc Injury), William Karlsson (Healthy)
Avalanche
5 vs 5 Forward
Center Left Wing Right Wing Time % Phy DF OF
1 Bryan Little Mikkel Boedker Patric Hornqvist 40 1 2 2
2 Charlie Coyle Tomas Fleischmann Evgeny Dadonov 30 1 2 2
3 Vincent Trocheck James Van Riemsdyk Luke Witkowski 20 1 2 2
4 Kyle Turris Martin Samuelsson Nick Cousins 10 1 2 2
5 vs 5 Defense
Defense Defense Time % Phy DF OF
1 Jack Johnson Marc Staal 40 1 2 2
2 Erik Karlsson Mattias Ekholm 35 1 2 2
3 Colten Teubert Jarred Tinordi 25 1 2 2
4 Jack Johnson Marc Staal 0 1 2 2
PowerPlay Forward
Center Left Wing Right Wing Time % Phy DF OF
1 Bryan Little Mikkel Boedker Patric Hornqvist 60 1 2 2
2 Charlie Coyle Tomas Fleischmann Evgeny Dadonov 40 1 2 2
PowerPlay Defense
Defense Defense Time % Phy DF OF
1 Jack Johnson Marc Staal 60 1 2 2
2 Erik Karlsson Mattias Ekholm 40 1 2 2
Penalty Kill 4 Players Forward
Center Wing Time % Phy DF OF
1 Mikkel Boedker Patric Hornqvist 60 1 2 2
2 Bryan Little Charlie Coyle 40 1 2 2
Penalty Kill 4 Players Defense
Defense Defense Time % Phy DF OF
1 Jack Johnson Marc Staal 60 1 2 2
2 Erik Karlsson Mattias Ekholm 40 1 2 2
Penalty Kill - 3 Players Forward
Forward Time % Phy DF OF
1 Mikkel Boedker 60 1 2 2
2 Patric Hornqvist 40 1 2 2
Penalty Kill - 3 Players Defense
Defense Defense Time % Phy DF OF
1 Jack Johnson Marc Staal 60 1 2 2
2 Erik Karlsson Mattias Ekholm 40 1 2 2
4 vs 4 Forward
Center Wing Time % Phy DF OF
1 Mikkel Boedker Patric Hornqvist 60 1 2 2
2 Bryan Little Charlie Coyle 40 1 2 2
4 vs 4 Defense
Defense Defense Time % Phy DF OF
1 Jack Johnson Marc Staal 60 1 2 2
2 Erik Karlsson Mattias Ekholm 40 1 2 2
Last Minutes Offensive
Center Left Wing Right Wing Defense Defense
Bryan Little Mikkel Boedker Patric Hornqvist Jack Johnson Marc Staal
Last Minutes Defensive
Center Left Wing Right Wing Defense Defense
Bryan Little Mikkel Boedker Patric Hornqvist Jack Johnson Marc Staal
Goaltenders
Starting : Semyon Varlamov
Backup : Cam Ward
Extra Forwards
Normal : Luke Witkowski, James Van Riemsdyk, Vincent Trocheck - PP : Luke Witkowski, James Van Riemsdyk - PK : Vincent Trocheck
Extra Defensemen
Normal : Colten Teubert, Jarred Tinordi, Erik Karlsson - PP : Colten Teubert - PK : Jarred Tinordi, Erik Karlsson
Penalty Shots
Mikkel Boedker, Patric Hornqvist, Bryan Little, Charlie Coyle, Evgeny Dadonov
Scratches
None
% Time on Ice - Capitals
Lines # - Real PCT - Wanted PCT - Time Play
Normal Forward
1 - 33% - 30% - 15:02
2 - 24% - 25% - 10:59
3 - 25% - 25% - 11:28
4 - 18% - 20% - 8:29
Normal Defense
1 - 42% - 40% - 19:19
2 - 31% - 30% - 14:21
3 - 23% - 20% - 10:32
4 - 4% - 10% - 1:46
PP Forward
1 - 50% - 60% - 2:59
2 - 50% - 40% - 2:58
PP Defense
1 - 66% - 60% - 3:55
2 - 34% - 40% - 2:02
PK Forward
1 - 71% - 60% - 5:42
2 - 29% - 40% - 2:23
PK Defense
1 - 81% - 60% - 6:33
2 - 19% - 40% - 1:32
PK3 Forward
1 - 0% - 60%
2 - 0% - 40%
PK3 Defense
1 - 0% - 60%
2 - 0% - 40%
44 Forward
1 - 0% - 60%
2 - 0% - 40%
44 Defense
1 - 0% - 60%
2 - 0% - 40%
Last Minute Offensive - 0:00
Last Minute Defensive - 0:00
Total
Forward - 60:00
Defense - 60:00
|
% Time on Ice - Avalanche
Lines # - Real PCT - Wanted PCT - Time Play
Normal Forward
1 - 35% - 40% - 16:16
2 - 26% - 30% - 11:45
3 - 21% - 20% - 9:37
4 - 18% - 10% - 8:20
Normal Defense
1 - 37% - 40% - 17:05
2 - 31% - 35% - 14:11
3 - 32% - 25% - 14:42
4 - 0% - 0% - 0:00
PP Forward
1 - 57% - 60% - 4:35
2 - 43% - 40% - 3:30
PP Defense
1 - 56% - 60% - 4:34
2 - 44% - 40% - 3:31
PK Forward
1 - 71% - 60% - 4:14
2 - 29% - 40% - 1:43
PK Defense
1 - 57% - 60% - 3:24
2 - 43% - 40% - 2:33
PK3 Forward
1 - 0% - 60%
2 - 0% - 40%
PK3 Defense
1 - 0% - 60%
2 - 0% - 40%
44 Forward
1 - 0% - 60%
2 - 0% - 40%
44 Defense
1 - 0% - 60%
2 - 0% - 40%
Last Minute Offensive - 0:00
Last Minute Defensive - 0:00
Total
Forward - 60:00
Defense - 60:00
|
Play-by-Play
1st period
0:01 of 1st period - Bryan Little wins face-off versus Jason Pominville in neutral zone.
0:12 of 1st period - Wrist shot by Patric Hornqvist.
0:12 of 1st period - Stopped by Keith Kinkaid without a rebound.
0:13 of 1st period - Brayden Point wins face-off versus Charlie Coyle in Capitals zone.
0:25 of 1st period - Wrist shot by Tomas Fleischmann.
0:25 of 1st period - Stopped by Keith Kinkaid without a rebound.
0:26 of 1st period - Luke Witkowski wins face-off versus Sean Monahan in Capitals zone.
0:31 of 1st period - Snap shot by Vincent Trocheck.
0:31 of 1st period - Stopped by Keith Kinkaid without a rebound.
0:32 of 1st period - Vincent Trocheck wins face-off versus Sean Monahan in Capitals zone.
0:59 of 1st period - Colten Teubert is hit by Alexei Marchenko and loses puck.
1:06 of 1st period - Wrist shot by Ryan Getzlaf.
1:06 of 1st period - Stopped by Semyon Varlamov with a rebound.
1:25 of 1st period - Icing by Jarred Tinordi.
1:26 of 1st period - Brayden Point wins face-off versus Charlie Coyle in Avalanche zone.
1:27 of 1st period - Snap shot by Blake Pietila.
1:27 of 1st period - Shot Misses the Net.
1:29 of 1st period - Slapshot by Cameron Gaunce.
1:29 of 1st period - Shot Blocked by Colten Teubert.
2:55 of 1st period - Mike Green is hit by Charlie Coyle and loses puck.
3:26 of 1st period - Wrist shot by Derek Roy.
3:26 of 1st period - Shot Misses the Net.
3:28 of 1st period - Slapshot by Derek Roy.
3:28 of 1st period - Shot Blocked by Kyle Turris.
3:30 of 1st period - Slapshot by Cameron Gaunce.
3:30 of 1st period - Shot Blocked by Kyle Turris.
3:46 of 1st period - Backhand shot by Patric Hornqvist.
3:46 of 1st period - Stopped by Keith Kinkaid with a rebound.
3:48 of 1st period - Slapshot by Erik Karlsson.
3:48 of 1st period - Deflect By Patric Hornqvist.
3:48 of 1st period - Shot Misses the Net.
3:48 of 1st period - Puck is out of play.
3:49 of 1st period - Brayden Point wins face-off versus Bryan Little in Capitals zone.
4:02 of 1st period - Wrist shot by T.J. Oshie.
4:02 of 1st period - Shot Misses the Net.
4:04 of 1st period - Slapshot by Mike Green.
4:04 of 1st period - Stopped by Semyon Varlamov without a rebound.
4:05 of 1st period - Derek Roy wins face-off versus Charlie Coyle in Avalanche zone.
4:20 of 1st period - Wrist shot by Evgeny Dadonov.
4:20 of 1st period - Stopped by Keith Kinkaid with a rebound.
4:52 of 1st period - Wrist shot by Victor Hedman.
4:52 of 1st period - Shot Blocked by Erik Karlsson.
4:54 of 1st period - Wrist shot by Ryan Getzlaf.
4:54 of 1st period - Shot Misses the Net.
5:18 of 1st period - Snap shot by Brayden Point.
5:18 of 1st period - Stopped by Semyon Varlamov with a rebound.
5:50 of 1st period - Icing by Jamie Benn.
5:51 of 1st period - Charlie Coyle wins face-off versus Derek Roy in Capitals zone.
5:54 of 1st period - Snap shot by Charlie Coyle.
5:54 of 1st period - Shot Misses the Net.
5:56 of 1st period - Slapshot by Marc Staal.
5:56 of 1st period - Stopped by Keith Kinkaid with a rebound.
5:58 of 1st period - Slapshot by Evgeny Dadonov.
5:58 of 1st period - Shot Misses the Net.
6:00 of 1st period - Wrist shot by Tomas Fleischmann.
6:00 of 1st period - Stopped by Keith Kinkaid without a rebound.
6:01 of 1st period - Sean Monahan wins face-off versus Charlie Coyle in Capitals zone.
6:46 of 1st period - Wrist shot by Ryan Getzlaf.
6:46 of 1st period - Stopped by Semyon Varlamov without a rebound.
6:47 of 1st period - Vincent Trocheck wins face-off versus Ryan Getzlaf in Avalanche zone.
7:12 of 1st period - Wrist shot by Dustin Brown.
7:12 of 1st period - Stopped by Semyon Varlamov with a rebound.
7:29 of 1st period - Icing by Ryan Getzlaf.
7:30 of 1st period - Ryan Getzlaf wins face-off versus Charlie Coyle in Capitals zone.
8:19 of 1st period - Jarred Tinordi is hit by Mike Green and loses puck.
9:50 of 1st period - Wrist shot by Blake Pietila.
9:50 of 1st period - Stopped by Semyon Varlamov without a rebound.
9:51 of 1st period - Vincent Trocheck wins face-off versus Derek Roy in Avalanche zone.
9:58 of 1st period - Jack Johnson is hit by Derek Roy and loses puck.
11:24 of 1st period - Wrist shot by James Van Riemsdyk.
11:24 of 1st period - Stopped by Keith Kinkaid without a rebound.
11:25 of 1st period - Bryan Little wins face-off versus Sean Monahan in Capitals zone.
11:34 of 1st period - Snap shot by Patric Hornqvist.
11:34 of 1st period - Stopped by Keith Kinkaid with a rebound.
11:36 of 1st period - Slapshot by Bryan Little.
11:36 of 1st period - Stopped by Keith Kinkaid with a rebound.
11:38 of 1st period - Wrist shot by Mikkel Boedker.
11:38 of 1st period - Shot Blocked by Brent Burns.
11:40 of 1st period - Slapshot by Erik Karlsson.
11:40 of 1st period - Deflect By Mikkel Boedker.
11:40 of 1st period - Goal by Mikkel Boedker - Capitals : 0 - Avalanche : 1.
11:41 of 1st period - Brayden Point wins face-off versus Bryan Little in neutral zone.
12:11 of 1st period - Slapshot by Erik Karlsson.
12:11 of 1st period - Deflect By Evgeny Dadonov.
12:11 of 1st period - Deflect By Brent Burns.
12:11 of 1st period - Shot Blocked by Cameron Gaunce.
12:11 of 1st period - Puck is out of play.
12:12 of 1st period - Charlie Coyle wins face-off versus Sean Monahan in Capitals zone.
12:13 of 1st period - Slapshot by Evgeny Dadonov.
12:13 of 1st period - Goal by Evgeny Dadonov - Capitals : 0 - Avalanche : 2.
12:14 of 1st period - Charlie Coyle wins face-off versus Sean Monahan in neutral zone.
12:19 of 1st period - Backhand shot by Erik Karlsson.
12:19 of 1st period - Deflect By Evgeny Dadonov.
12:19 of 1st period - Stopped by Keith Kinkaid with a rebound.
12:25 of 1st period - Tomas Fleischmann is hit by Sean Monahan and loses puck.
12:30 of 1st period - Snap shot by Patrick Sharp.
12:30 of 1st period - Stopped by Semyon Varlamov without a rebound.
12:31 of 1st period - Blake Pietila wins face-off versus Bryan Little in Avalanche zone.
12:36 of 1st period - Snap shot by T.J. Oshie.
12:36 of 1st period - Stopped by Semyon Varlamov with a rebound.
13:50 of 1st period - Snap shot by Vincent Trocheck.
13:50 of 1st period - Shot Blocked by Victor Hedman.
14:14 of 1st period - Wrist shot by T.J. Oshie.
14:14 of 1st period - Stopped by Semyon Varlamov without a rebound.
14:15 of 1st period - Sean Monahan wins face-off versus Bryan Little in Avalanche zone.
14:26 of 1st period - Wrist shot by Patrick Sharp.
14:26 of 1st period - Shot Blocked by Jack Johnson.
14:28 of 1st period - Wrist shot by Cameron Gaunce.
14:28 of 1st period - Shot Blocked by Bryan Little.
14:30 of 1st period - Slapshot by Brent Burns.
14:30 of 1st period - Stopped by Semyon Varlamov without a rebound.
14:31 of 1st period - Charlie Coyle wins face-off versus Brayden Point in Avalanche zone.
14:36 of 1st period - Wrist shot by Brayden Point.
14:36 of 1st period - Shot Blocked by Evgeny Dadonov.
15:05 of 1st period - Snap shot by Mikkel Boedker.
15:05 of 1st period - Stopped by Keith Kinkaid without a rebound.
15:06 of 1st period - Bryan Little wins face-off versus Sean Monahan in Capitals zone.
15:41 of 1st period - Snap shot by Brayden Point.
15:41 of 1st period - Shot Blocked by Erik Karlsson.
15:43 of 1st period - Snap shot by T.J. Oshie.
15:43 of 1st period - Deflect By Brayden Point.
15:43 of 1st period - Stopped by Semyon Varlamov with a rebound.
15:45 of 1st period - Snap shot by Brayden Point.
15:45 of 1st period - Shot Misses the Net.
16:07 of 1st period - Snap shot by Martin Samuelsson.
16:07 of 1st period - Shot Blocked by Mike Green.
16:13 of 1st period - Minor Penalty to Mike Green for Tripping.
16:14 of 1st period - Joe Pavelski wins face-off versus Bryan Little in Capitals zone.
16:25 of 1st period - Snap shot by Mikkel Boedker.
16:25 of 1st period - Shot Misses the Net.
16:41 of 1st period - Alexei Marchenko is hit by Jack Johnson and loses puck.
16:58 of 1st period - Dustin Brown is hit by Evgeny Dadonov and loses puck.
17:40 of 1st period - Cameron Gaunce is hit by Patric Hornqvist and loses puck.
18:13 of 1st period - Penalty to Mike Green is over, Mike Green is back on ice.
18:19 of 1st period - Victor Hedman is hit by Luke Witkowski and loses puck.
19:43 of 1st period - Minor Penalty to T.J. Oshie for Hooking.
19:44 of 1st period - Bryan Little wins face-off versus Derek Roy in Capitals zone.
19:55 of 1st period - Slapshot by Marc Staal.
19:55 of 1st period - Stopped by Keith Kinkaid without a rebound.
19:56 of 1st period - Bryan Little wins face-off versus Derek Roy in Capitals zone.
Goals for this period are 0 for Capitals vs 2 for Avalanche.
Shots for this period are 11 for Capitals vs 15 for Avalanche.
2nd period
0:01 of 2nd period - Bryan Little wins face-off versus Derek Roy in neutral zone.
0:04 of 2nd period - Snap shot by Mikkel Boedker.
0:04 of 2nd period - Stopped by Keith Kinkaid with a rebound.
0:41 of 2nd period - Victor Hedman is hit by Marc Staal and loses puck.
1:43 of 2nd period - Penalty to T.J. Oshie is over, T.J. Oshie is back on ice.
1:45 of 2nd period - Marc Staal is hit by Mike Green and loses puck.
2:29 of 2nd period - Snap shot by T.J. Oshie.
2:29 of 2nd period - Shot Misses the Net.
2:45 of 2nd period - Patric Hornqvist is hit by Cameron Gaunce and loses puck.
3:15 of 2nd period - Jarred Tinordi is hit by Victor Hedman and loses puck.
3:38 of 2nd period - James Van Riemsdyk is hit by Alexei Marchenko and loses puck.
4:11 of 2nd period - Wrist shot by Sean Monahan.
4:11 of 2nd period - Stopped by Semyon Varlamov with a rebound.
4:13 of 2nd period - Slapshot by Alexei Marchenko.
4:13 of 2nd period - Stopped by Semyon Varlamov with a rebound.
4:15 of 2nd period - Wrist shot by Mark Stone.
4:15 of 2nd period - Shot Misses the Net.
4:17 of 2nd period - Slapshot by Jared Spurgeon.
4:17 of 2nd period - Stopped by Semyon Varlamov without a rebound.
4:18 of 2nd period - Brayden Point wins face-off versus Bryan Little in Avalanche zone.
5:52 of 2nd period - Blake Pietila is hit by Mikkel Boedker and loses puck.
6:12 of 2nd period - Charlie Coyle is hit by Cameron Gaunce and loses puck.
6:29 of 2nd period - Slapshot by Jack Johnson.
6:29 of 2nd period - Stopped by Keith Kinkaid without a rebound.
6:30 of 2nd period - Sean Monahan wins face-off versus Kyle Turris in Capitals zone.
6:37 of 2nd period - Wrist shot by Kyle Turris.
6:37 of 2nd period - Shot Blocked by Mark Stone.
6:39 of 2nd period - Backhand shot by Jarred Tinordi.
6:39 of 2nd period - Deflect By Martin Samuelsson.
6:39 of 2nd period - Stopped by Keith Kinkaid without a rebound.
6:40 of 2nd period - Bryan Little wins face-off versus Derek Roy in Capitals zone.
6:53 of 2nd period - Mikkel Boedker is hit by Jason Pominville and loses puck.
7:02 of 2nd period - Mikkel Boedker is hit by Jamie Benn and loses puck.
7:17 of 2nd period - Wrist shot by Bryan Little.
7:17 of 2nd period - Shot Misses the Net.
7:19 of 2nd period - Slapshot by Colten Teubert.
7:19 of 2nd period - Stopped by Keith Kinkaid with a rebound.
7:41 of 2nd period - Snap shot by Luke Witkowski.
7:41 of 2nd period - Shot Misses the Net.
8:35 of 2nd period - Minor Penalty to Mike Green for Holding.
8:36 of 2nd period - Bryan Little wins face-off versus Derek Roy in Capitals zone.
9:22 of 2nd period - Alexei Marchenko is hit by Patric Hornqvist and loses puck.
10:19 of 2nd period - Brent Burns is hit by Charlie Coyle and loses puck.
10:35 of 2nd period - Penalty to Mike Green is over, Mike Green is back on ice.
10:48 of 2nd period - Snap shot by Martin Samuelsson.
10:48 of 2nd period - Shot Misses the Net.
10:50 of 2nd period - Slapshot by Erik Karlsson.
10:50 of 2nd period - Stopped by Keith Kinkaid without a rebound.
10:51 of 2nd period - James Van Riemsdyk wins face-off versus Brayden Point in Capitals zone.
11:05 of 2nd period - Blake Pietila is hit by Luke Witkowski.
11:13 of 2nd period - James Van Riemsdyk is hit by T.J. Oshie and loses puck.
12:51 of 2nd period - Mark Stone is hit by Mattias Ekholm and loses puck.
14:10 of 2nd period - Slapshot by Sean Monahan.
14:10 of 2nd period - Stopped by Semyon Varlamov with a rebound.
14:16 of 2nd period - Snap shot by Sean Monahan.
14:16 of 2nd period - Shot Blocked by Colten Teubert.
14:18 of 2nd period - Wrist shot by Patrick Sharp.
14:18 of 2nd period - Goal by Patrick Sharp - Capitals : 1 - Avalanche : 2.
14:19 of 2nd period - Derek Roy wins face-off versus Bryan Little in neutral zone.
14:19 of 2nd period - Victor Hedman is hit by Patric Hornqvist and loses puck.
14:24 of 2nd period - Wrist shot by Victor Hedman.
14:24 of 2nd period - Shot Blocked by Mikkel Boedker.
14:26 of 2nd period - Snap shot by Derek Roy.
14:26 of 2nd period - Shot Blocked by Bryan Little.
14:42 of 2nd period - Minor Penalty to Mattias Ekholm for Roughing.
14:43 of 2nd period - Brayden Point wins face-off versus Patric Hornqvist in Avalanche zone.
14:44 of 2nd period - Wrist shot by Jamie Benn.
14:44 of 2nd period - Stopped by Semyon Varlamov with a rebound.
15:14 of 2nd period - Patric Hornqvist is hit by Jason Pominville and loses puck.
16:28 of 2nd period - Victor Hedman is hit by Charlie Coyle and loses puck.
16:42 of 2nd period - Penalty to Mattias Ekholm is over, Mattias Ekholm is back on ice.
17:27 of 2nd period - Brayden Point is hit by James Van Riemsdyk and loses puck.
17:55 of 2nd period - Wrist shot by Kyle Turris.
17:55 of 2nd period - Stopped by Keith Kinkaid without a rebound.
17:56 of 2nd period - Bryan Little wins face-off versus Derek Roy in Capitals zone.
18:23 of 2nd period - Joe Pavelski is hit by Charlie Coyle and loses puck.
18:46 of 2nd period - Snap shot by Mark Stone.
18:46 of 2nd period - Shot Blocked by Luke Witkowski.
18:48 of 2nd period - Snap shot by Mark Stone.
18:48 of 2nd period - Shot Misses the Net.
18:50 of 2nd period - Slapshot by Jared Spurgeon.
18:50 of 2nd period - Shot Misses the Net.
19:52 of 2nd period - Snap shot by Dustin Brown.
19:52 of 2nd period - Stopped by Semyon Varlamov without a rebound.
19:53 of 2nd period - Jason Pominville wins face-off versus Bryan Little in Avalanche zone.
19:54 of 2nd period - Wrist shot by Jamie Benn.
19:54 of 2nd period - Stopped by Semyon Varlamov with a rebound.
Goals for this period are 1 for Capitals vs 0 for Avalanche.
Shots for this period are 8 for Capitals vs 6 for Avalanche.
3rd period
0:01 of 3rd period - Derek Roy wins face-off versus Bryan Little in neutral zone.
0:03 of 3rd period - Minor Penalty to Mike Green for Hooking.
0:04 of 3rd period - Derek Roy wins face-off versus Bryan Little in Capitals zone.
0:12 of 3rd period - Wrist shot by Mikkel Boedker.
0:12 of 3rd period - Goal by Mikkel Boedker - Capitals : 1 - Avalanche : 3.
0:13 of 3rd period - Bryan Little wins face-off versus Derek Roy in neutral zone.
0:47 of 3rd period - Charlie Coyle is hit by Joe Pavelski and loses puck.
1:04 of 3rd period - Wrist shot by Sean Monahan.
1:04 of 3rd period - Shot Misses the Net.
1:22 of 3rd period - Jared Spurgeon is hit by Nick Cousins.
1:30 of 3rd period - Slapshot by Victor Hedman.
1:30 of 3rd period - Stopped by Semyon Varlamov with a rebound.
1:32 of 3rd period - Backhand shot by Brayden Point.
1:32 of 3rd period - Stopped by Semyon Varlamov without a rebound.
1:33 of 3rd period - Derek Roy wins face-off versus Mikkel Boedker in Avalanche zone.
1:34 of 3rd period - Snap shot by Jamie Benn.
1:34 of 3rd period - Stopped by Semyon Varlamov without a rebound.
1:35 of 3rd period - Mikkel Boedker wins face-off versus Derek Roy in Avalanche zone.
1:35 of 3rd period - Mikkel Boedker is hit by Jason Pominville.
1:49 of 3rd period - Slapshot by Patric Hornqvist.
1:49 of 3rd period - Stopped by Keith Kinkaid without a rebound.
1:50 of 3rd period - Charlie Coyle wins face-off versus Ryan Getzlaf in Capitals zone.
2:05 of 3rd period - Wrist shot by Evgeny Dadonov.
2:05 of 3rd period - Stopped by Keith Kinkaid without a rebound.
2:06 of 3rd period - Jason Pominville wins face-off versus Bryan Little in Capitals zone.
2:08 of 3rd period - Minor Penalty to Jason Pominville for Holding Stick.
2:09 of 3rd period - Derek Roy wins face-off versus Bryan Little in Capitals zone.
2:48 of 3rd period - Snap shot by Evgeny Dadonov.
2:48 of 3rd period - Shot Misses the Net.
3:08 of 3rd period - Joe Pavelski is hit by Tomas Fleischmann and loses puck.
3:19 of 3rd period - Snap shot by Derek Roy.
3:19 of 3rd period - Shot Misses the Net.
3:33 of 3rd period - Marc Staal is hit by Alexei Marchenko and loses puck.
4:08 of 3rd period - Penalty to Jason Pominville is over, Jason Pominville is back on ice.
4:12 of 3rd period - Evgeny Dadonov is hit by Patrick Sharp and loses puck.
4:17 of 3rd period - Slapshot by Sean Monahan.
4:17 of 3rd period - Stopped by Semyon Varlamov without a rebound.
4:18 of 3rd period - Vincent Trocheck wins face-off versus Sean Monahan in Avalanche zone.
5:04 of 3rd period - Brent Burns is hit by Mattias Ekholm and loses puck.
5:38 of 3rd period - Minor Penalty to Vincent Trocheck for Interference.
5:39 of 3rd period - Derek Roy wins face-off versus Mikkel Boedker in Avalanche zone.
5:43 of 3rd period - Snap shot by Ryan Getzlaf.
5:43 of 3rd period - Deflect By Derek Roy.
5:43 of 3rd period - Shot Misses the Net.
5:43 of 3rd period - Puck is out of play.
5:44 of 3rd period - Derek Roy wins face-off versus Mikkel Boedker in Avalanche zone.
6:33 of 3rd period - Snap shot by Mark Stone.
6:33 of 3rd period - Stopped by Semyon Varlamov without a rebound.
6:34 of 3rd period - Mikkel Boedker wins face-off versus Brayden Point in Avalanche zone.
7:02 of 3rd period - Off-side.
7:03 of 3rd period - Bryan Little wins face-off versus Brayden Point in neutral zone.
7:14 of 3rd period - Snap shot by Charlie Coyle.
7:14 of 3rd period - Shot Blocked by Brayden Point.
7:32 of 3rd period - Wrist shot by Ryan Getzlaf.
7:32 of 3rd period - Stopped by Semyon Varlamov with a rebound.
7:38 of 3rd period - Penalty to Vincent Trocheck is over, Vincent Trocheck is back on ice.
7:48 of 3rd period - Backhand shot by Jack Johnson.
7:48 of 3rd period - Deflect By Kyle Turris.
7:48 of 3rd period - Stopped by Keith Kinkaid with a rebound.
7:50 of 3rd period - Slapshot by Marc Staal.
7:50 of 3rd period - Deflect By Kyle Turris.
7:50 of 3rd period - Shot Hit the Post.
7:50 of 3rd period - Puck is out of play.
7:51 of 3rd period - Kyle Turris wins face-off versus Brayden Point in Capitals zone.
7:52 of 3rd period - Snap shot by Martin Samuelsson.
7:52 of 3rd period - Shot Misses the Net.
7:54 of 3rd period - Slapshot by Marc Staal.
7:54 of 3rd period - Stopped by Keith Kinkaid without a rebound.
7:55 of 3rd period - Bryan Little wins face-off versus Derek Roy in Capitals zone.
8:00 of 3rd period - Wrist shot by Bryan Little.
8:00 of 3rd period - Shot Misses the Net.
8:02 of 3rd period - Slapshot by Jack Johnson.
8:02 of 3rd period - Shot Blocked by Jason Pominville.
8:04 of 3rd period - Slapshot by Marc Staal.
8:04 of 3rd period - Shot Misses the Net.
8:06 of 3rd period - Slapshot by Bryan Little.
8:06 of 3rd period - Stopped by Keith Kinkaid with a rebound.
8:08 of 3rd period - Snap shot by Jack Johnson.
8:08 of 3rd period - Shot Blocked by Mike Green.
8:10 of 3rd period - Snap shot by Mikkel Boedker.
8:10 of 3rd period - Goal by Mikkel Boedker - Capitals : 1 - Avalanche : 4.
8:11 of 3rd period - Bryan Little wins face-off versus Derek Roy in neutral zone.
8:16 of 3rd period - Snap shot by Patric Hornqvist.
8:16 of 3rd period - Deflect By Mikkel Boedker.
8:16 of 3rd period - Shot Blocked by Victor Hedman.
8:16 of 3rd period - Puck is out of play.
8:17 of 3rd period - Bryan Little wins face-off versus Derek Roy in Capitals zone.
8:49 of 3rd period - Wrist shot by Blake Pietila.
8:49 of 3rd period - Shot Blocked by Jack Johnson.
8:51 of 3rd period - Slapshot by Mike Green.
8:51 of 3rd period - Stopped by Semyon Varlamov without a rebound.
8:52 of 3rd period - Ryan Getzlaf wins face-off versus Charlie Coyle in Avalanche zone.
9:21 of 3rd period - Icing by Jamie Benn.
9:22 of 3rd period - Bryan Little wins face-off versus Derek Roy in Capitals zone.
10:03 of 3rd period - Wrist shot by Derek Roy.
10:03 of 3rd period - Shot Blocked by Marc Staal.
10:07 of 3rd period - Snap shot by Derek Roy.
10:07 of 3rd period - Shot Misses the Net.
10:09 of 3rd period - Snap shot by Derek Roy.
10:09 of 3rd period - Shot Misses the Net.
10:11 of 3rd period - Slapshot by Jamie Benn.
10:11 of 3rd period - Goal by Jamie Benn - Capitals : 2 - Avalanche : 4.
10:12 of 3rd period - Charlie Coyle wins face-off versus Brayden Point in neutral zone.
10:15 of 3rd period - Slapshot by Evgeny Dadonov.
10:15 of 3rd period - Shot Misses the Net.
11:06 of 3rd period - Wrist shot by Bryan Little.
11:06 of 3rd period - Stopped by Keith Kinkaid without a rebound.
11:07 of 3rd period - Derek Roy wins face-off versus Bryan Little in Capitals zone.
11:07 of 3rd period - Derek Roy is hit by Mikkel Boedker.
11:13 of 3rd period - Slapshot by Derek Roy.
11:13 of 3rd period - Stopped by Semyon Varlamov without a rebound.
11:14 of 3rd period - Bryan Little wins face-off versus Jason Pominville in Avalanche zone.
12:08 of 3rd period - Backhand shot by Mikkel Boedker.
12:08 of 3rd period - Stopped by Keith Kinkaid with a rebound.
12:29 of 3rd period - Wrist shot by Mikkel Boedker.
12:29 of 3rd period - Shot Blocked by Victor Hedman.
12:55 of 3rd period - Wrist shot by Jamie Benn.
12:55 of 3rd period - Stopped by Semyon Varlamov without a rebound.
12:56 of 3rd period - Charlie Coyle wins face-off versus Brayden Point in Avalanche zone.
13:11 of 3rd period - Wrist shot by Tomas Fleischmann.
13:11 of 3rd period - Shot Misses the Net.
13:13 of 3rd period - Slapshot by Mattias Ekholm.
13:13 of 3rd period - Shot Misses the Net.
13:23 of 3rd period - Cameron Gaunce is hit by Mattias Ekholm and loses puck.
13:51 of 3rd period - Snap shot by Luke Witkowski.
13:51 of 3rd period - Stopped by Keith Kinkaid with a rebound.
13:53 of 3rd period - Slapshot by Mattias Ekholm.
13:53 of 3rd period - Deflect By James Van Riemsdyk.
13:53 of 3rd period - Stopped by Keith Kinkaid without a rebound.
13:54 of 3rd period - Charlie Coyle wins face-off versus Sean Monahan in Capitals zone.
13:55 of 3rd period - Wrist shot by Evgeny Dadonov.
13:55 of 3rd period - Shot Blocked by Jared Spurgeon.
14:38 of 3rd period - Colten Teubert is hit by Brent Burns and loses puck.
14:43 of 3rd period - Snap shot by Luke Witkowski.
14:43 of 3rd period - Shot Misses the Net.
15:29 of 3rd period - Patrick Sharp is hit by Bryan Little and loses puck.
16:47 of 3rd period - Icing by Martin Samuelsson.
16:48 of 3rd period - Nick Cousins wins face-off versus Derek Roy in Avalanche zone.
17:13 of 3rd period - Minor Penalty to Colten Teubert for Tripping.
17:14 of 3rd period - Mikkel Boedker wins face-off versus Brayden Point in Avalanche zone.
17:28 of 3rd period - Snap shot by Mikkel Boedker.
17:28 of 3rd period - Shot Blocked by Mike Green.
17:59 of 3rd period - Off-side.
18:00 of 3rd period - Bryan Little wins face-off versus Brayden Point in neutral zone.
18:03 of 3rd period - Slapshot by Mattias Ekholm.
18:03 of 3rd period - Shot Misses the Net.
19:13 of 3rd period - Penalty to Colten Teubert is over, Colten Teubert is back on ice.
19:14 of 3rd period - Jamie Benn is hit by James Van Riemsdyk and loses puck.
19:35 of 3rd period - Backhand shot by Luke Witkowski.
19:35 of 3rd period - Stopped by Keith Kinkaid with a rebound.
19:37 of 3rd period - Slapshot by Bryan Little.
19:37 of 3rd period - Stopped by Keith Kinkaid with a rebound.
19:41 of 3rd period - Snap shot by Luke Witkowski.
19:41 of 3rd period - Shot Blocked by Mike Green.
19:43 of 3rd period - Wrist shot by Bryan Little.
19:43 of 3rd period - Shot Misses the Net.
19:57 of 3rd period - Mark Stone is hit by Bryan Little.
Goals for this period are 1 for Capitals vs 2 for Avalanche.
Shots for this period are 10 for Capitals vs 13 for Avalanche.
Output by the SimonT Hockey Simulator (STHS) for Francois Prevost